 Seeded DCSS version 0.27-a0-681-g0c81a3c1c3 (webtiles) character file.

Game seed: 7384326955726536667 (custom seed)

109 deathboy the Ducker (level 4, -2/34 HPs)
             Began as a Vampire Gladiator on Mar 19, 2021.
             Slain by a quokka (3 damage)
             ... summoned by Eustachio
             ... on level 4 of the Dungeon.
             The game lasted 00:04:15 (2278 turns).

deathboy the Ducker (Vampire Gladiator)             Turns: 2278, Time: 00:04:16

Health: -2/34      AC:  5    Str: 24    XL:     4   Next: 60%
Magic:  4/4        EV: 13    Int: 10    God:
Gold:   155        SH:  0    Dex: 15    Spells: 3/3 levels left

rFire    x . .     SeeInvis +   q - +8 dagger of Varutumo {vorpal, rElec rPois rF- Str+10}
rCold    . . .     Faith    .   (no shield)
rNeg     . . .     Spirit   .   b - +0 leather armour
rPois    +         Reflect  .   c - +0 helmet
rElec    +         Harm     .   (no cloak)
rCorr    .         Rampage  .   (no gloves)
Will     .....                  k - +0 pair of boots
Stlth    ++........             o - amulet of the acrobat
HPRegen  0.31/turn              (no ring)
MPRegen  0.09/turn              (no ring)

@: regenerating quickly
A: alive, fangs 3, see invisible, unbreathing 1, vampiric 2
a: Exsanguinate


You were on level 4 of the Dungeon.
You visited 1 branch of the dungeon, and saw 4 of its levels.

You collected 155 gold pieces.

Inventory:

Hand Weapons
 a - a +0 rapier
 q - the +8 dagger of Varutumo (weapon) {vorpal, rElec rPois rF- Str+10}
   (You found it on level 4 of the Dungeon)

   It inflicts extra damage upon your enemies.
   It affects your strength (+10).
   It makes you vulnerable to fire.
   It insulates you from electricity.
   It protects you from poison.
Missiles
 d - 3 throwing nets (quivered)
 e - 25 poisoned darts
Armour
 b - a +0 leather armour (worn)
 c - a +0 helmet (worn)
 k - a +0 pair of boots (worn)
Jewellery
 o - an amulet of the acrobat (around neck)
Scrolls
 f - 2 scrolls of identify {unknown}
 g - a scroll of teleportation {unknown}
 h - a scroll of fear {unknown}
 i - 5 scrolls of fog {unknown}
 j - a scroll of silence {unknown}
 n - a scroll of noise {unknown}
 p - a scroll of enchant armour {unknown}
Potions
 l - a potion of lignification {unknown}
 m - a potion of berserk rage


   Skills:
 + Level 2.5 Fighting
 + Level 4.0 Short Blades
 - Level 1.5 Throwing
 + Level 4.0 Dodging
 + Level 3.7 Stealth


You had 3 spell levels left.
You didn't know any spells.
Your spell library contained the following spells:

 Spells                   Type           Power      Damage    Failure   Level
 Corona                   Hex            0%         N/A       41%         1
 Ensorcelled Hibernation  Hex/Ice        0%         N/A       54%         2
 Confusing Touch          Hex            0%         N/A       78%         3
 Dazzling Flash           Conj/Hex       0%         N/A       78%         3
 Tukima's Dance           Hex            0%         N/A       78%         3
 Summon Forest            Summ/Tloc      0%         N/A       100%        5
 Summon Mana Viper        Hex/Summ       0%         N/A       100%        5
 Shadow Creatures         Summ           N/A        N/A       100%        6
 Summon Hydra             Summ           0%         N/A       100%        7


Dungeon Overview and Level Annotations

Branches:
Dungeon (4/15)
 Temple: D:4-7

Altars:

Shops:
D:2 *

Annotations:
D:4 Eustachio


Innate Abilities, Weirdness & Mutations

Your natural rate of healing is unusually fast.
You have razor-sharp teeth.
You have supernaturally acute eyesight. (SInv)
You can survive without breathing.
You are afflicted with vampirism and can become a bat while bloodless.


Message History

You closely miss Eustachio.
Eustachio is moderately wounded.
The bat hits you but does no damage. The river rat closely misses you.
Eustachio hits you with a +0 rapier.
You puncture Eustachio!
Eustachio is heavily wounded.
The bat barely misses you.
The quokka twitches its whiskers.
The quokka barely misses you. The river rat bites you.
Eustachio mumbles some strange words.
You are too injured to fight recklessly!
You are too injured to fight recklessly!
You hit Eustachio but do no damage. You bite Eustachio.
Eustachio is severely wounded.
The bat hits you but does no damage. The quokka closely misses you.
The river rat barely misses you.
You hit Eustachio. You bite Eustachio, but do no damage.
Eustachio is severely wounded.
The bat barely misses you. The quokka misses you. The bat closely misses you.
Eustachio hits you with a +0 rapier. The quokka bites you.
* * * LOW HITPOINT WARNING * * *
The river rat barely misses you.
You hit Eustachio.
Eustachio is severely wounded.
The bat hits you but does no damage. The bat misses you.
The quokka closely misses you. Eustachio hits you with a +0 rapier.
* * * LOW HITPOINT WARNING * * *
The bat closely misses you. The quokka barely misses you.
You hit Eustachio.
Eustachio is almost dead.
The quokka bites you but does no damage.
The river rat barely misses you. The bat hits you.
* * * LOW HITPOINT WARNING * * *
Eustachio hits you with a +0 rapier.
* * * LOW HITPOINT WARNING * * *
The quokka barely misses you.
You hit Eustachio.
Eustachio is almost dead.
The bat hits you but does no damage. x2; The quokka bites you.
You die...

############
#..........#
#..........#
#..........#
#..........#
#..........#
#.......r..#
#.....r@r..#
#......@b..#####
#######.........
#....).....#
#..........#
#..........+
#..........#
#.........
#######.......##


You could see Eustachio, a river rat (summoned), 2 quokkas and a bat (summoned).

Vanquished Creatures
  An orc wizard (D:3)
  2 adders
  An adder skeleton (D:4)
  2 worms
  2 dart slugs
  A leopard gecko (D:2)
  3 orcs (D:3)
  A ball python (D:2)
  6 bats
  2 giant cockroaches (D:1)
  5 goblins
  10 hobgoblins
  A quokka (D:2)
  2 frilled lizards
  4 kobolds
  7 rats
50 creatures vanquished.

Notes
Turn   | Place    | Note
-------+----------+-------------------------------------------
     0 | D:1      | deathboy the Vampire Gladiator began the quest for the Orb.
     0 | D:1      | Reached XP level 1. HP: 16/16 MP: 1/1
    43 | D:1      | Reached skill level 1 in Stealth
   162 | D:1      | Reached XP level 2. HP: 21/22 MP: 2/2
   673 | D:2      | Gained mutation: You are afflicted with vampirism and can
                  | become a bat while bloodless. [Vampire growth]
   673 | D:2      | Reached XP level 3. HP: 27/27 MP: 3/3
  1045 | D:2      | Found Cimo's Assorted Antiques.
  1513 | D:3      | Reached XP level 4. HP: 29/34 MP: 4/4
  2140 | D:4      | Identified the +8 dagger of Varutumo {vorpal, rElec rPois
                  | rF- Str+10}
  2254 | D:4      | Noticed Eustachio
  2277 | D:4      | HP: 1/34 [Eustachio/+0 rapier (4)]
  2278 | D:4      | Slain by a quokka

Illustrated notes

Levels and vault maps discovered:
D:1:      nzn_arrival_water_spiral, layout_rooms
D:2:      layout_loops_ring, serial_forest, infiniplex_forest_lined_room_3,
          infiniplex_forest_straight_2, infiniplex_forest_clump_small,
          infiniplex_forest_clump_curved, infiniplex_forest_lined_room_,
          infiniplex_forest_straight_4, infiniplex_forest_clump_small,
          infiniplex_forest_clump_tiny, infiniplex_forest_clump_small,
          serial_shops, shop
D:3:      layout_rooms
D:4:      layout_gridville, uniq_eustachio, uniq_grinder

Skill      XL: |  1  2  3  4 |
---------------+-------------+-----
Stealth        | 1 2 3 |  3.7
Fighting       | 2 |  2.5
Dodging        | 4 |  4.0
Short Blades   | 4 |  4.0
Throwing       | |  1.5

Action                   |  1- 3 |  4- 6 || total
-------------------------+-------+-------++-------
Melee: Rapier            |   124 |    29 ||   153
       Bite              |    14 |     4 ||    18
       Dagger            |       |    16 ||    16
  Use: Potion            |     1 |       ||     1
 Stab: Sleeping          |     9 |       ||     9
Armor: Leather armour    |    25 |    15 ||    40
Dodge: Dodged            |    75 |    35 ||   110

Table legend: (Time is in decaauts)
 A = Elapsed time spent in this place.
 B = Non-inter-level travel time spent in this place.
 C = Inter-level travel time spent in this place.
 D = Time resting spent in this place.
 E = Time spent auto-exploring this place.
 F = Levels seen in this place.
 G = Mean time per level.
                   A        B        C        D        E       F      G
               +--------+--------+--------+--------+--------+-----+--------+
         Total |   2292 |   1984 |    308 |    122 |   1418 |   4 |  573.0 |
       Dungeon |   2292 |   1984 |    308 |    122 |   1418 |   4 |  573.0 |
               +--------+--------+--------+--------+--------+-----+--------+

Top non-repeatable levels by time:
     D:2: 792 daAuts
     D:3: 792 daAuts
     D:1: 599 daAuts
     D:4: 108 daAuts
